 Dungeon Crawl Stone Soup version 0.27.1-33-g824d729ab1 (webtiles) character file.

Game seed: 1750014458519746051

85391 Destapler the Basher (level 15, -10/154 HPs)
             Began as a Troll Berserker on Dec 8, 2021.
             Was a High Priest of Trog.
             Killed from afar by a swamp worm (13 damage)
             ... with a harpoon shot
             ... on level 2 of the Lair of Beasts.
             The game lasted 01:41:21 (22075 turns).

Destapler the Basher (Troll Berserker)             Turns: 22075, Time: 01:41:21

Health: -10/154    AC: 11    Str: 30    XL:     15   Next: 37%
Magic:  14/14      EV: 13    Int:  3    God:    Trog [*****.]
Gold:   3138       SH: 11    Dex: 13    Spells: 14/14 levels left

rFire    . . .     SeeInvis .   a - +6 whip (drain)
rCold    . . .     Faith    .   z - +0 kite shield
rNeg     . . .     Spirit   .   q - +0 acid dragon scales
rPois    +         Reflect  .   r - +1 hat
rElec    .         Harm     .   w - +0 cloak
rCorr    +         Rampage  .   (gloves unavailable)
Will     +++..                  (boots unavailable)
Stlth    +.........             N - amulet of regeneration
HPRegen  3.35/turn              i - ring of flight
MPRegen  0.14/turn              F - ring of poison resistance

@: strong-willed, on berserk cooldown, flying, regenerating, slowed, very slow
A: large, unfitting armour, claws 3, regeneration 1, shaggy fur 1, tough skin 1
a: Renounce Religion, Berserk, Trog's Hand, Brothers in Arms


You were on level 2 of the Lair of Beasts.
You worshipped Trog.
Trog was extremely pleased with you.
You visited 3 branches of the dungeon, and saw 21 of its levels.
You also visited: Bailey and Volcano.

You collected 3326 gold pieces.
You spent 188 gold pieces at shops.

Inventory:

Hand Weapons
 a - a +6 whip of draining (weapon)
 h - a +5 vorpal dire flail
 U - the +11 spear of Finis {drain, Str+2}
   (You found it on level 6 of the Lair of Beasts)

   A truly terrible weapon, it drains the life of any living foe it strikes.
   Str:       It affects your strength (+2).
Missiles
 b - 4 boomerangs of dispersal
 j - 103 boomerangs (quivered)
 p - 97 poisoned darts
 y - a throwing net
 M - 4 javelins
 Q - 10 large rocks
 S - a curare-tipped dart
Armour
 q - +0 acid dragon scales (worn)
 r - a +1 hat (worn)
 w - a +0 cloak (worn)
 z - a +0 kite shield (worn)
 H - a +0 scale mail
Jewellery
 f - a ring of see invisible
 g - a +4 ring of evasion
 i - a ring of flight (left claw)
 m - a ring of positive energy
 o - a ring of protection from fire
 F - a ring of poison resistance (right claw)
 J - an amulet of the acrobat
 N - an amulet of regeneration (around neck)
 R - an amulet of magic regeneration
Wands
 d - a wand of flame (57)
 D - a wand of iceblast (22)
 E - a wand of mindburst (11)
 I - a wand of digging (9)
Scrolls
 l - a scroll of enchant armour
 t - 4 scrolls of fog
 u - 4 scrolls of teleportation
 x - a scroll of enchant weapon
 A - a scroll of magic mapping
 C - 3 scrolls of blinking
 G - 2 scrolls of brand weapon
 L - a scroll of fear
 O - 2 scrolls of identify
 P - a scroll of torment {unknown}
 V - a scroll of vulnerability
Potions
 c - 9 potions of might
 e - 7 potions of curing
 k - 6 potions of attraction
 n - 3 potions of lignification
 v - 10 potions of ambrosia
 B - 3 potions of heal wounds
 K - a potion of cancellation
 T - 4 potions of mutation {unknown}
Miscellaneous
 s - a box of beasts


   Skills:
 + Level 11.5 Fighting
 + Level 11.8 Maces & Flails
 + Level 8.2 Throwing
 + Level 6.2 Armour
 + Level 11.5 Dodging
 + Level 7.7 Shields
 - Level 3.0 Unarmed Combat
 + Level 5.1 Evocations


You had 14 spell levels left.
You didn't know any spells.
Your spell library contained the following spells:

 Spells                   Type           Power      Damage    Failure   Level
 Beastly Appendage        Tmut           0%         N/A       67%         1
 Summon Small Mammal      Summ           0%         N/A       67%         1
 Wereblood                Tmut           0%         N/A       80%         2
 Call Canine Familiar     Summ           0%         N/A       95%         3
 Dazzling Flash           Conj/Hex       0%         N/A       95%         3
 Ignite Poison            Fire/Tmut/Pois 0%         N/A       95%         3
 Mephitic Cloud           Conj/Pois/Air  0%         N/A       95%         3
 Spider Form              Tmut/Pois      0%         N/A       95%         3
 Summon Guardian Golem    Hex/Summ       0%         N/A       95%         3
 Passage of Golubria      Tloc           N/A        N/A       100%        4
 Agony                    Necr           0%         N/A       100%        5
 Bolt of Magma            Conj/Fire/Erth 0%         4d4       100%        5
 Silence                  Hex/Air        0%         N/A       100%        5
 Lehudib's Crystal Spear  Conj/Erth      0%         10d2      100%        8


Dungeon Overview and Level Annotations

Branches:
Dungeon (13/15)            Temple (0/1) D:5            Lair (6/6) D:8
 Shoals (0/4) Lair:2        Snake (0/4) Lair:4        Slime (0/5) Lair:5
    Orc (2/2) D:11            Elf (0/3) Orc:2        Bailey (visited)
Volcano (visited)
 Vaults: D:13-14

Altars:
Nemelex Xobeh
Vehumet
Beogh

Shops:
D:7 *   D:9 (   Orc:2 [[((

Annotations:
Lair:2 1 transporter


Innate Abilities, Weirdness & Mutations

You are too large for most types of armour.
You have claws for hands.
Your natural rate of healing is unusually fast.
You are covered in fur. (AC +1)
You have tough skin. (AC +1)


Message History

* * * LOW HITPOINT WARNING * * *
You are yanked forward by the harpoon shot.
You collide with the briar patch!
* * * LOW HITPOINT WARNING * * *
You become entangled in the net!
You tear a large gash into the net.
You feel a strong urge to attack something.
You struggle against the net.
The swamp worm fires a harpoon shot at you.
The harpoon shot hits you!
* * * LOW HITPOINT WARNING * * *
You are yanked forward by the harpoon shot.
You collide with the briar patch!
* * * LOW HITPOINT WARNING * * *
You rip the net and break free!
You feel your anger nearly subside.
You are no longer berserk.
You are exhausted.
You feel yourself slow down.
The swamp worm fires a harpoon shot at you.
The harpoon shot misses you.
Blink to where?
Press: ? - help, Dir - move target
As you read the scroll of blinking, it crumbles to dust.
You are engulfed in dark miasma.
You feel as though you will be slow longer.
* * * LOW HITPOINT WARNING * * *
The swamp worm fires a harpoon shot at you.
The harpoon shot misses you.
You reach down and open the door.
You are engulfed in dark miasma.
You feel as though you will be slow longer.
* * * LOW HITPOINT WARNING * * *
The swamp worm fires a harpoon shot at you.
The harpoon shot hits you.
* * * LOW HITPOINT WARNING * * *
You are yanked forward by the harpoon shot.
You collide with the briar patch!
* * * LOW HITPOINT WARNING * * *
The swamp worm fires a harpoon shot at you.
The harpoon shot hits you!
You die...

.....##..#....#####............P#
..#..#.#....###P©P###............
...####.....##≈.^P≈♣#........##..
...#..#.....#w≈P^P≈##....[...###.
...#........##§P§.≈w#...#...#..#.
....#....#..#w≈P^°###.#.#....##..
.#..P.......###○^P≈♣#.####....#..
.#..........#w§P^P§##..###.......
............##≈P@P§w#..##.......P
.P#.........####'####.####.......
....##........#!$/#.###....##..##
#...#.........#[©"#..#P....#..###
#..........#^.#####..##....#....#
.........#.#....©....#^#.#.......
...^....#........................
#....#...........................
.................................


You could see 5 swamp worms.

Vanquished Creatures
  Saint Roka (Orc:2)
  The ghost of Caath the Blocker, a journeyman DrFi of Okawaru (Lair:5)
  A dire elephant (Lair:6)
  A fire dragon (Volcano)
  3 boulder beetles
  An ice dragon (Lair:6)
  11 hydras
  2 catoblepae
  Erica (D:9)
  4 two-headed ogres
  3 orc high priests (Orc:2)
  3 death yaks (Lair:6)
  A fire crab (Lair:6)
  6 lindwurms
  2 orc knights
  An orc sorcerer (Orc:2)
  An ugly thing (D:13)
  2 manticores (Lair:6)
  8 oklob plants
  11 elephants
  A guardian serpent (Lair:4)
  5 black mambas
  3 merfolk sirens (Lair:2)
  Maurice (D:9)
  17 cane toads
  5 torpor snails (Lair:6)
  2 smoke demons (Volcano)
  Maggie (D:7)
  An unseen horror (D:12)
  2 rime drakes
  13 komodo dragons
  3 trolls
  3 tyrant leeches (Lair:6)
  3 polar bears
  A queen bee (D:11)
  A merfolk (Lair:2)
  6 hornets (Lair:6)
  Prince Ribbit (D:6)
  14 blink frogs
  3 dream sheep (Lair:6)
  6 slime creatures (D:12)
  A vampire (D:12)
  3 wraiths
  7 wyverns
  55 yaks
  3 steam dragons
  2 vampire mosquitoes (D:12)
  4 basilisks (Lair:1)
  5 wargs
  An acid dragon (D:10)
  19 water moccasins
  A hell hound (Volcano)
  23 orc warriors
  A hornet zombie (D:8)
  7 ogres
  2 necrophages (D:7)
  5 black bears
  An ice beast (D:7)
  18 wolves
  8 centaurs
  2 kobold brigands
  12 bullfrogs
  2 wyvern zombies
  Blork the orc (D:6)
  A gnoll sergeant (D:9)
  A water moccasin zombie (D:6)
  24 killer bees
  3 vampire bats (Lair:2)
  13 wights
  5 electric eels
  8 howler monkeys
  7 centaur zombies
  5 hounds
  2 gnoll shamans
  4 jellies
  16 orc priests
  3 iguanas
  Terence (D:3)
  26 orc wizards
  Natasha (twice) (D:3)
  A hound zombie (D:5)
  Robin (D:3)
  10 adders
  22 gnolls
  A shadow imp (D:5)
  A white imp (D:6)
  4 ufetubi
  An adder skeleton (D:3)
  3 dart slugs
  3 worms
  97 orcs
  8 endoplasms
  4 giant cockroaches
  20 goblins
  10 hobgoblins
  5 quokkas
  6 ball pythons
  9 bats
  3 frilled lizards
  28 kobolds
  3 rats
700 creatures vanquished.

Vanquished Creatures (collateral kills)
  A hydra (Lair:2)
  Urug (D:12)
  A blink frog (Lair:2)
3 creatures vanquished.

Vanquished Creatures (others)
  An orc wizard (D:7)
  An orc (Orc:2)
  2 briar patches (Lair:2)
  55 fungi
  71 plants
130 creatures vanquished.

Grand Total: 833 creatures vanquished

Notes
Turn   | Place    | Note
-------+----------+-------------------------------------------
     0 | D:1      | Destapler the Troll Berserker began the quest for the Orb.
     0 | D:1      | Reached XP level 1. HP: 22/22 MP: 0/0
    55 | D:1      | Reached XP level 2. HP: 26/29 MP: 1/1
   125 | D:1      | Found a faded altar of an unknown god.
   246 | D:1      | Reached ** piety under Trog
   253 | D:1      | Reached XP level 3. HP: 37/37 MP: 2/2
  1095 | D:3      | Reached XP level 4. HP: 34/45 MP: 3/3
  1129 | D:3      | Noticed Robin
  1322 | D:3      | Reached *** piety under Trog
  1328 | D:3      | Killed Robin
  1329 | D:3      | Reached XP level 5. HP: 53/53 MP: 4/4
  1424 | D:3      | Noticed Terence
  1435 | D:3      | Killed Terence
  1436 | D:3      | Reached skill level 1 in Maces & Flails
  1578 | D:3      | Noticed Natasha
  1581 | D:3      | Killed Natasha
  1757 | D:3      | Noticed Natasha
  1764 | D:3      | Killed Natasha
  1785 | D:3      | Found a sparkling altar of Nemelex Xobeh.
  1793 | D:3      | Reached XP level 6. HP: 59/62 MP: 5/5
  2443 | D:4      | Reached XP level 7. HP: 49/71 MP: 6/6
  2749 | D:5      | Entered Level 5 of the Dungeon
  2861 | D:5      | Found a staircase to the Ecumenical Temple.
  2950 | D:5      | Reached skill level 5 in Dodging
  3028 | D:5      | Reached skill level 5 in Fighting
  3102 | D:5      | Reached **** piety under Trog
  3183 | D:5      | Reached XP level 8. HP: 66/76 MP: 7/7
  3506 | D:5      | Reached skill level 1 in Throwing
  3506 | D:5      | Reached skill level 1 in Armour
  3570 | D:6      | Reached skill level 1 in Shields
  3580 | D:6      | Noticed Prince Ribbit
  3596 | D:6      | Killed Prince Ribbit
  3727 | D:6      | Noticed Blork the orc
  3737 | D:6      | Killed Blork the orc
  4063 | D:6      | Reached XP level 9. HP: 76/86 MP: 8/8
  4108 | D:6      | Reached skill level 5 in Maces & Flails
  4338 | D:7      | Found Ustreg's General Store.
  4465 | D:7      | Noticed Maggie
  4488 | D:7      | Killed Maggie
  5014 | D:7      | Reached ***** piety under Trog
  5174 | D:8      | Reached XP level 10. HP: 65/95 MP: 9/9
  5361 | D:8      | Found a staircase to the Lair.
  6142 | Lair:1   | Entered Level 1 of the Lair of Beasts
  6203 | Lair:1   | Found a dark tunnel.
  6212 | Volcano  | Entered a volcano
  6242 | Volcano  | Noticed a smoke demon
  6262 | Volcano  | Killed a smoke demon
  6358 | Volcano  | Noticed a lindwurm
  6374 | Volcano  | Killed a lindwurm
  6445 | Volcano  | Noticed a smoke demon
  6463 | Volcano  | Killed a smoke demon
  6464 | Volcano  | Reached skill level 5 in Throwing
  6475 | Volcano  | Noticed a lindwurm
  6475 | Volcano  | Noticed a lindwurm
  6483 | Volcano  | Killed a lindwurm
  6490 | Volcano  | Killed a lindwurm
  6491 | Volcano  | Reached XP level 11. HP: 109/109 MP: 10/10
  6542 | Volcano  | Noticed a fire dragon
  6560 | Volcano  | Killed a fire dragon
  6561 | Volcano  | Reached skill level 5 in Armour
  6812 | Lair:1   | Reached skill level 5 in Shields
  7275 | Lair:1   | Noticed a five-headed hydra
  7287 | Lair:1   | Killed a five-headed hydra
  8455 | Lair:1   | HP: 2/169 [wolf (9)]
  8562 | Lair:1   | Reached XP level 12. HP: 93/122 MP: 11/11
  8741 | Lair:2   | Noticed a seven-headed hydra
  8758 | Lair:2   | Killed a seven-headed hydra
  8931 | Lair:2   | Found a transporter.
  8981 | Lair:2   | Found a transporter.
  9147 | Lair:2   | Found a staircase to the Shoals.
 10035 | Lair:3   | Noticed a four-headed hydra
 10045 | Lair:3   | Killed a one-headed hydra
 10203 | Lair:4   | Noticed a five-headed hydra
 10209 | Lair:4   | Noticed a seven-headed hydra
 10268 | Lair:4   | Killed a five-headed hydra
 10330 | Lair:3   | Reached skill level 10 in Maces & Flails
 10353 | Lair:3   | Received a gift from Trog
 10357 | Lair:3   | Reached skill level 10 in Fighting
 10541 | Lair:4   | Found a staircase to the Snake Pit.
 10561 | Lair:4   | Reached skill level 10 in Dodging
 10678 | Lair:4   | Noticed a seven-headed hydra
 10688 | Lair:4   | Killed a seven-headed hydra
 10689 | Lair:4   | Reached XP level 13. HP: 113/133 MP: 12/12
 10871 | D:9      | Noticed Maurice
 10885 | D:9      | Killed Maurice
 11304 | D:9      | Found Egita's Antique Weapon Shoppe.
 11444 | D:9      | Noticed Erica
 11458 | D:9      | Killed Erica
 11563 | D:10     | Entered Level 10 of the Dungeon
 11647 | D:10     | Reached skill level 1 in Evocations
 11684 | D:10     | Found a flagged portal.
 11737 | Bailey   | Entered a bailey
 12003 | Bailey   | Identified the +9 shortbow of the Mind {vorpal, rElec Str-5
                  | Int+2}
 12191 | D:10     | Received a gift from Trog
 13187 | D:11     | Identified the +3 hand axe "Osudephirib" {vorpal, rElec
                  | rF+}
 13257 | D:11     | Found a staircase to the Orcish Mines.
 14168 | D:12     | Found a radiant altar of Vehumet.
 14760 | D:12     | Noticed Urug
 14772 | D:12     | Killed Urug
 15256 | Orc:1    | Entered Level 1 of the Orcish Mines
 16018 | Orc:2    | Entered Level 2 of the Orcish Mines
 16036 | Orc:2    | Found a staircase to the Elven Halls.
 16554 | Orc:2    | Received a gift from Trog
 16726 | Orc:2    | Found Ameddiull's Antique Armour Shop.
 16757 | Orc:2    | Bought a shimmering robe for 188 gold pieces
 16757 | Orc:2    | Identified the +1 robe of Love and Death {Dex+4} (You
                  | bought it in a shop on level 2 of the Orcish Mines)
 17061 | Orc:2    | Reached XP level 14. HP: 144/144 MP: 13/13
 17074 | Orc:2    | Noticed Saint Roka
 17366 | Orc:2    | Killed Saint Roka
 17494 | Orc:2    | Found Nuegh's Antique Armour Boutique.
 17497 | Orc:2    | Found Cipsol's Antique Weapon Shop.
 17613 | Orc:2    | Found Urugulud's Antique Weapon Boutique.
 18885 | Lair:5   | Found a staircase to the Slime Pits.
 19370 | Lair:5   | Found a runed translucent gate.
 19370 | Lair:5   | Found a runed translucent gate.
 19370 | Lair:5   | Found a runed translucent gate.
 19371 | Lair:5   | Noticed Caath's ghost (journeyman DrFi)
 19424 | Lair:5   | Killed Caath's ghost
 19676 | Lair:6   | Entered Level 6 of the Lair of Beasts
 20002 | Lair:6   | Received a gift from Trog
 20373 | Lair:6   | Found a runed translucent door.
 20570 | Lair:6   | Reached XP level 15. HP: 154/154 MP: 14/14
 20757 | Lair:6   | Identified the +11 spear of Finis {drain, Str+2}
 21486 | Lair:6   | Reached skill level 5 in Evocations
 22075 | Lair:2   | HP: 3/154 [briar patch collision (15)]
 22075 | Lair:2   | Killed from afar by a swamp worm

Illustrated notes

Levels and vault maps discovered:
D:1:      onia_arrival_pyramid, layout_basic,
          shapermc_ecumenical_altar_mp_ritualfount
D:2:      layout_loops_cross
D:3:      layout_loops_ring, mainiacjoe_overflow_catwalk, serial_forest,
          infiniplex_forest_clump_tiny, infiniplex_forest_side_room,
          infiniplex_forest_corner_1, infiniplex_forest_lined_room_2,
          infiniplex_forest_end_1, infiniplex_forest_clump_curved,
          infiniplex_forest_lined_2, infiniplex_forest_lined_2,
          infiniplex_forest_clump_long, infiniplex_forest_lined_room_3,
          eino_tiny_chamber, uniq_terence, uniq_robin, uniq_natasha
D:4:      layout_cave_pools
D:5:      minmay_clustersquares, layout_rooms, minmay_temple_entry_arrows
D:6:      layout_cave_pools, uniq_prince_ribbit1, uniq_blork_the_orc
D:7:      layout_cave_pools, serial_shops, nicolae_shop_waterfront,
          nrook_pool_corridor, uniq_maggie
D:8:      layout_basic, minmay_lair_entry_grove, palyth_stone_intersect,
          chequers_serial_rivers_small_3, minmay_misc_feat_ornament,
          grunt_decor_mini_mirrors
D:9:      layout_roguey, serial_shops, nicolae_shop_behind_doors,
          kennysheep_doodads, st_stairs_13, dk_noncrumbling_3, uniq_erica,
          uniq_maurice
D:10:     layout_gridville, lightli_bailey_entry_fortress
D:11:     layout_irregular_city, erik_orc_4, chequers_serial_rivers_room_b
D:12:     layout_irregular_city, fiery_altar_vehumet, uniq_urug
D:13:     layout_cave_pods, erik_vaults_2, nicolae_elemental_shop,
          tgw_lugonu_bribe
Lair:1:   layout_regular_city, nicolae_volcano_entry_hallway,
          serial_bayou_crossing, serial_bayou_shore_b, lemuel_fruit_fields,
          serial_bayou_shore_a
Lair:2:   gammafunk_worm_tunnel, layout_misc_corridors,
          elwin_shoals_entry_stream, roderic_batcave, patterned_corridor,
          grunt_megastairs_5, serial_bayou_shore_b
Lair:3:   layout_long_grid, kennysheep_catoblepas_arena, grunt_megastairs_2,
          minmay_lair_oklob_chamber, infiniplex_staircase_pool
Lair:4:   layout_loops_ring, minmay_snake_entry_spellcaster,
          grunt_forest_small_clearing_treed, lemuel_fruit_tree,
          serial_bayou_shore_b, grunt_megastairs_3
Lair:5:   layout_regular_city, minmay_slime_entry_oklob_open,
          ebering_ghost_rock_garden, beast_lair_carwin_4
Lair:6:   wormcave, layout_cave_pods, hangedman_lair_in_review
Orc:1:    layout_caves, special_room [special_room_bee]
Orc:2:    grunt_orc_community_town_hall, layout_diamond_mine,
          grunt_orc_community_big_house_2, grunt_orc_community_big_house_1,
          grunt_orc_community_house_3, grunt_orc_community_house_3,
          grunt_orc_community_house_3, grunt_orc_community_house_2,
          grunt_orc_community_house_3, basic_altar, nicolae_orc_sculptors_studio

Skill      XL: |  1  2  3  4  5  6  7  8  9 10 11 12 13 14 15 |
---------------+----------------------------------------------+-----
Dodging        | 3 4 5 6 7 8 10 11 | 11.5
Fighting       | 3 4 5 6 7 8 10 11 | 11.5
Maces & Flails | 1 2 4 5 6 8 10 11 | 11.8
Throwing       | 2 3 5 6 7 8 |  8.2
Armour         | 2 3 4 5 6 |  6.2
Shields        | 2 3 4 5 6 7 |  7.7
Evocations     | 3 4 5 |  5.1
Unarmed Combat | |  3.0

Action                   |  1- 3 |  4- 6 |  7- 9 | 10-12 | 13-15 || total
-------------------------+-------+-------+-------+-------+-------++-------
Melee: Unarmed           |   105 |    16 |       |       |       ||   121
       Punch             |     1 |       |     6 |    17 |     1 ||    25
       Whip              |       |    38 |   261 |   825 |  1351 ||  2475
       Flail             |       |    97 |   117 |       |       ||   214
       Battleaxe         |       |       |       |    12 |       ||    12
       Dire flail        |       |       |       |       |   539 ||   539
Throw: Boomerang         |       |       |    41 |       |     3 ||    44
       Dart              |       |       |     2 |    65 |    80 ||   147
       Javelin           |       |       |       |       |     3 ||     3
Invok: Berserk           |       |     2 |     9 |    13 |    27 ||    51
       Trog's Hand       |       |     1 |     2 |     4 |    13 ||    20
       Brothers in Arms  |       |       |       |     1 |     1 ||     2
Evoke: Wand              |       |       |       |     7 |     4 ||    11
       Box of beasts     |       |       |       |       |     1 ||     1
  Use: Scroll            |     3 |       |     5 |    10 |     3 ||    21
       Potion            |     2 |       |       |     6 |     2 ||    10
 Stab: Sleeping          |       |       |       |     1 |       ||     1
       Petrified         |       |       |       |       |     1 ||     1
Armor: Animal skin       |    43 |    45 |    84 |       |       ||   172
       Steam dragon scal |       |       |    24 |   340 |    85 ||   449
       Acid dragon scale |       |       |       |       |   369 ||   369
Dodge: Dodged            |    45 |    87 |   295 |   617 |   945 ||  1989
Block: Kite shield       |       |       |       |       |   359 ||   359
